 Dungeon Crawl Stone Soup version 0.23.2-1-ga50397a (webtiles) character file.

Game seed: 11481038072684273424

418 shadizar the Skirmisher (level 6, -2/39 HPs)
             Began as a Gargoyle Fighter on May 12, 2019.
             Slain by Duvessa
             ... wielding a +0 short sword
              (7 damage)
             ... on level 5 of the Dungeon.
             The game lasted 00:03:58 (2739 turns).

shadizar the Skirmisher (Gargoyle Fighter)          Turns: 2739, Time: 00:03:59

Health: -2/39      AC: 12    Str: 22    XL:     6   Next: 93%
Magic:  6/6        EV:  8    Int:  8    God:
Gold:   185        SH:  9    Dex:  9    Spells: 5/5 levels left

rFire    . . .     SeeInvis .   a - +0 flail
rCold    . . .     Gourm    .   c - +0 shield
rNeg     + . .     Faith    .   b - +0 scale mail
rPois    ∞         Spirit   .   p - +0 helmet
rElec    +         Reflect  .   (no cloak)
rCorr    .         Harm     .   (no gloves)
MR       .....                  (no boots)
Stlth    ..........             (no amulet)
HPRegen  0.13/turn              (no ring)
MPRegen  0.10/turn              (no ring)

@: no status effects
A: negative energy resistance 1, electricity resistance, unbreathing,
petrification resistance, rot immunity, AC +4
a: no special abilities


You were on level 5 of the Dungeon.
You were not hungry.

You visited 1 branch of the dungeon, and saw 5 of its levels.

You collected 185 gold pieces.

Inventory:

Hand Weapons
 a - a +0 flail (weapon)
Armour
 b - a +0 scale mail (worn)
 c - a +0 shield (worn)
 o - a +0 animal skin
 p - a +0 helmet (worn)
 u - a +0 plate armour
Jewellery
 h - an uncursed ring of protection from cold {unknown}
Wands
 v - a wand of disintegration (14)
Scrolls
 e - 5 scrolls of identify {unknown}
 g - 3 scrolls of teleportation {unknown}
 i - 2 scrolls of remove curse {unknown}
 k - a scroll of noise {unknown}
 n - a scroll of immolation {unknown}
 s - a scroll of amnesia {unknown}
 t - a scroll of magic mapping {unknown}
 x - 3 scrolls of enchant armour {unknown}
Potions
 d - a potion of might
 j - a potion of degeneration {unknown}
 l - a potion of invisibility {unknown}
 m - 3 potions of heal wounds {unknown}
 q - a potion of ambrosia {unknown}
 r - 3 potions of agility {unknown}
 w - a potion of haste
Comestibles
 f - 12 rations


   Skills:
 + Level 4.7 Fighting
 + Level 3.5 Maces & Flails
 + Level 4.7 Armour
 + Level 2.2 Dodging
 + Level 4.6 Shields


You had 5 spell levels left.
You didn't know any spells.
Your spell library was empty.

Dungeon Overview and Level Annotations

Branches:
Dungeon (5/15)
 Temple: D:4-7

Altars:
Makhleb
Nemelex Xobeh
Vehumet
Wu Jian

Annotations:
D:3 Sigmund
D:5 Duvessa


Innate Abilities, Weirdness & Mutations

You are resistant to torment.
Your stone body is resilient. (AC +4)
You are immune to poison.
You resist negative energy. (rN+)
You are resistant to electric shocks. (rElec)
You can survive without breathing.
You are immune to petrification.
You are immune to rotting.


Message History

You are too injured to fight recklessly!
You are too injured to fight recklessly!
You are too injured to fight recklessly!
You are too injured to fight recklessly!
You are too injured to fight recklessly!
You are too injured to fight recklessly!
You are no longer glowing.
You block Duvessa's attack.
Things that are here:
a +0 dagger; a cursed +0 robe You block Duvessa's attack.
You block Duvessa's attack.
Duvessa rages.
Duvessa rages.
Duvessa hits you with a +0 short sword. Duvessa hits you with a +0 short sword!
* * * LOW HITPOINT WARNING * * *
Duvessa rages.
Duvessa hits you with a +0 short sword!
You die...

###
#############
..#
#......)....#
###
##.$#######.#
... #.# _ #.#
#.# #h#
###########
#e#
..........>
#@#
.##.######
#.# .##.# #.#
.##.# #.#.#
.##.# #.#.#
.##.# #.#.#
.##.# #.#.#
.##.# #.#.#
.##.# #.#.#


You could see Duvessa (berserk) and a hound.

Vanquished Creatures
  A sky beast (D:5)
  Dowan (D:5)
  A scorpion (D:5)
  A crimson imp (D:5)
  A worker ant (D:5)
  A hound skeleton (D:3)
  Robin (D:2)
  6 adders
  An ooze (D:5)
  An adder skeleton (D:5)
  2 worms (D:3)
  A dart slug (D:1)
  3 leopard geckos
  6 orcs (D:3)
  5 bats
  3 giant cockroaches
  11 goblins
  7 hobgoblins
  4 jackals (D:1)
  10 kobolds
  A quokka (D:5)
  A ball python (D:1)
  2 frilled lizards (D:3)
  A leopard gecko skeleton (D:5)
  5 rats
77 creatures vanquished.

Notes
Turn   | Place    | Note
-------+----------+-------------------------------------------
     0 | D:1      | shadizar the Gargoyle Fighter began the quest for the Orb.
     0 | D:1      | Reached XP level 1. HP: 14/14 MP: 1/1
   140 | D:1      | Reached XP level 2. HP: 19/19 MP: 2/2
   485 | D:1      | Reached XP level 3. HP: 18/23 MP: 3/3
   966 | D:2      | Reached skill level 1 in Dodging
   974 | D:2      | Reached XP level 4. HP: 9/29 MP: 4/4
  1083 | D:2      | Noticed Robin
  1109 | D:2      | Killed Robin
  1222 | D:2      | Found a radiant altar of Vehumet.
  1222 | D:2      | Found a sparkling altar of Nemelex Xobeh.
  1259 | D:2      | Found a faded altar of an unknown god.
  1364 | D:2      | Reached XP level 5. HP: 33/33 MP: 5/5
  2142 | D:3      | Noticed Sigmund
  2195 | D:4      | Noticed an ogre
  2197 | D:4      | Found an ornate altar of the Wu Jian Council.
  2214 | D:5      | Entered Level 5 of the Dungeon
  2480 | D:5      | Noticed a sky beast
  2503 | D:5      | Killed a sky beast
  2503 | D:5      | Reached XP level 6. HP: 20/39 MP: 6/6
  2712 | D:5      | Noticed Dowan
  2715 | D:5      | Found a burning altar of Makhleb.
  2715 | D:5      | Noticed Duvessa
  2726 | D:5      | Killed Dowan
  2739 | D:5      | Slain by Duvessa

Skill      XL: |  1  2  3  4  5 |
---------------+----------------+-----
Dodging        | 1 2 |  2.2
Fighting       | 4 |  4.7
Armour         | 4 |  4.7
Shields        | 4 |  4.6
Maces & Flails | 3 |  3.5

Action                   |  1- 3 |  4- 6 || total
-------------------------+-------+-------++-------
Melee: Flail             |   136 |   272 ||   408
  Eat: Chunk             |       |     7 ||     7
Armor: Scale mail        |    87 |   139 ||   226
Dodge: Dodged            |    67 |    70 ||   137
Block: Shield            |    90 |   130 ||   220
